 Dungeon Crawl Stone Soup version 0.22-a0-558-gc224181 (webtiles) character file.

198 iamserjio the Ruffian (level 5, -4/47 HPs)
             Began as a Draconian Fighter on June 27, 2018.
             Slain by Pikel
             ... wielding a +1 whip of flaming
              (7 damage)
             ... on level 4 of the Dungeon.
             The game lasted 00:05:41 (889 turns).

iamserjio the Ruffian (Draconian Fighter)            Turns: 889, Time: 00:05:41

Health: -4/47      AC:  5    Str: 19    XL:     5   Next: 47%
Magic:  5/5        EV: 10    Int:  6    God:
Gold:   108        SH:  9    Dex: 13    Spells: 4/4 levels left

rFire    . . .     SeeInvis .     - Unarmed
rCold    . . .     Gourm    .   a - +0 shield
rNeg     . . .     Faith    .   (armour unavailable)
rPois    .         Spirit   .   (helmet restricted)
rElec    .         Reflect  .   (no cloak)
rCorr    .         Harm     .   (no gloves)
MR       .....     Clarity  +   (no boots)
Stlth    +.........             (no amulet)
HPRegen  0.15/turn              (no ring)
MPRegen  0.09/turn              (no ring)

@: no status effects
A: unfitting armour, agile 1, clarity, dopey 1, cold-blooded, AC +5
a: no special abilities


You were on level 4 of the Dungeon.
You were not hungry.

You visited 1 branch of the dungeon, and saw 4 of its levels.

You collected 108 gold pieces.

Inventory:

Armour
 a - a +0 shield (worn)
Scrolls
 f - a scroll of remove curse {unknown}
 g - 2 scrolls of teleportation {unknown}
 h - a scroll of random uselessness {unknown}
Potions
 b - a potion of mutation
Comestibles
 c - 4 rations


   Skills:
 + Level 4.7 Fighting
 - Level 2.6 Dodging
 - Level 3.0 Shields
 * Level 4.9 Unarmed Combat


You had 4 spell levels left.
You didn't know any spells.
Your spell library was empty.

Dungeon Overview and Level Annotations

Branches:
Dungeon (4/15)
 Temple: D:4-7

Altars:

Annotations:
D:4 Pikel


Innate Abilities, Weirdness & Mutations

Your plain brown scales are hard. (AC +5)
You cannot fit into any form of body armour.
You are cold-blooded and may be slowed by cold attacks.
You are agile. (Dex +2)
You possess an exceptional clarity of mind.
You are dopey. (Int -2)


Message History

Pikel hits you with a whip of flaming.
* * * LOW HITPOINT WARNING * * *
Pikel burns you.
* * * LOW HITPOINT WARNING * * *
You hit Pikel.
Pikel is heavily wounded.
Pikel hits you with a whip of flaming.
* * * LOW HITPOINT WARNING * * *
Pikel burns you.
* * * LOW HITPOINT WARNING * * *
You hit Pikel.
Pikel is heavily wounded.
You float gracefully downwards.
You block Pikel's attack.
You closely miss Pikel. You tail-slap Pikel.
Pikel is heavily wounded.
You block Pikel's attack.
You punch Pikel! You tail-slap Pikel.
Pikel is almost dead.
Pikel hits you with a whip of flaming!
You die...

#.# #.# #.# #.# ..#
#.# #######.###.#
#....(...##
#.#####.###.###.##
#.........#?##...#
.########.........#
#......@K......#..#
...#####.#.#.###..#
#.#.#.# #<.#
#.#.... #<.####.#
#.#.....#l.......
................#
#.#.....#$#######
####...##.# ####
#.#


You could see Pikel.

Vanquished Creatures
  An orc priest (D:3)
  2 orc wizards (D:3)
  A worker ant (D:4)
  2 adders (D:3)
  2 oozes
  An adder skeleton (D:4)
  3 dart slugs (D:3)
  9 orcs (D:3)
  4 goblins
  4 hobgoblins
  5 jackals
  A ball python (D:1)
  6 bats
  7 frilled lizards
  3 kobolds
  2 rats (D:1)
53 creatures vanquished.

Notes
Turn   | Place    | Note
-------+----------+-------------------------------------------
     0 | D:1      | iamserjio the Draconian Fighter began the quest for the Orb.
     0 | D:1      | Reached XP level 1. HP: 19/19 MP: 1/1
   152 | D:1      | Reached XP level 2. HP: 15/26 MP: 2/2
   534 | D:3      | Reached XP level 3. HP: 30/33 MP: 3/3
   584 | D:3      | Reached XP level 4. HP: 34/40 MP: 4/4
   612 | D:3      | Reached XP level 5. HP: 41/47 MP: 5/5
   852 | D:4      | HP: 2/47 [poisoned by a worker ant]
   864 | D:4      | Noticed Pikel
   884 | D:4      | Gained mutation: You are dopey. (Int -2) [potion of mutation]
   884 | D:4      | Gained mutation: You possess an exceptional clarity of mind. [potion of mutation]
   884 | D:4      | Gained mutation: You are agile. (Dex +2) [potion of mutation]
   889 | D:4      | Slain by Pikel

Vault maps used:
D:1:      dpeg_arrival_lava_temple_mockup
D:2:      minmay_split_cup_small
D:3:      roderic_cross_of_infinity
D:4:      lightli_temple_of_fire, serial_shops, shop, kennysheep_generic_room_3,
          uniq_pikel

Skill      XL: |  1  2  3 |
---------------+----------+-----
Unarmed Combat | 3 4 |  4.9
Fighting       | 4 |  4.7
Dodging        | |  2.6
Shields        | |  3.0

Action                   |  1- 3 |  4- 6 || total
-------------------------+-------+-------++-------
Melee: Unarmed           |   117 |    86 ||   203
       Tailslap          |    17 |    12 ||    29
Evoke: Wand              |       |     4 ||     4
  Use: Potion            |     2 |     2 ||     4
Armor: Skin              |    36 |     9 ||    45
Dodge: Dodged            |    36 |    18 ||    54
Block: Shield            |    62 |    39 ||   101

Table legend:
 A = Spawn XP
 B = Non-spawn XP
 C = Spawn XP percentage of total XP
 D = Spawn monster count
 E = Non-spawn monster count
 F = Spawn count percentage of total count
 G = Total turns spent on level
                    A         B        C        D         E        F      G
               +---------+---------+-------+---------+---------+-------+---------
         Total |       0 |     284 |   0.0 |       0 |      53 |   0.0 |   889
               +---------+---------+-------+---------+---------+-------+---------
           D:1 |       0 |      25 |   0.0 |       0 |      17 |   0.0 |   201
           D:2 |       0 |      15 |   0.0 |       0 |       6 |   0.0 |   328
           D:3 |       0 |     194 |   0.0 |       0 |      25 |   0.0 |   280
           D:4 |       0 |      50 |   0.0 |       0 |       5 |   0.0 |    80
               +---------+---------+-------+---------+---------+-------+---------
